Map: Dreamcatcher LE

Players

Kelazhur

  • Race: Terran Terran
  • League: Master
  • Spawn Location: 11:00

Denver - Winner!

  • Race: Zerg Zerg
  • League: Master
  • Spawn Location: 5:00

Event: HomeStory Cup XVIII

VOD

Have the link to the VOD?

Description

Time

  • Played on: Nov. 22, 2018, 10:58 a.m.
  • Length: 3:38

All games in this series

Show
View Real Time Build Order
Export as new Build Order

Kelazhur Terran 

Build Orders: Reaper Expand 

Get SALT Encoding   

  12  0:00  SCV  
  13  0:12  SCV  
  14  0:17  Supply Depot  
  14  0:25  SCV  
  15  0:38  SCV  
  15  0:39  Barracks  
  16  0:43  Refinery  
  16  0:50  SCV  
  17  1:02  SCV  
  18  1:15  SCV  
  19  1:27  Reaper, Orbital Command  
  20  1:39  Command Center  
  20  1:50  Barracks  
  20  1:53  SCV  
  21  1:59  Marine  
  22  2:03  Supply Depot  
  22  2:07  SCV  
  23  2:12  Refinery  
  23  2:17  Barracks Reactor  
  23  2:24  SCV  
  23  2:27  Barracks Reactor  
  22  2:47  Barracks Tech Lab  
  22  2:48  SCV  
  22  2:54  Factory  
  22  3:00  SCV  
  22  3:03  Marine x2  
  25  3:05  Command Center  
  25  3:11  Marine  
  25  3:13  SCV  
Show
View Real Time Build Order
Export as new Build Order

Denver Zerg - Winner!

Build Orders: Pool First 

Get SALT Encoding   

  12  0:00  Drone  
  13  0:07  Drone  
  14  0:14  Extractor, Drone  
  14  0:31  Spawning Pool  
  14  0:35  Drone  
  14  0:42  Extractor, Drone  
  15  0:50  Overlord  
  15  1:17  Metabolic Boost  
  15  1:18  Zergling x2  
  15  1:19  Zergling x4  
  18  1:30  Zergling x2  
  19  1:39  Hatchery  
  18  1:42  Zergling x2  
  19  1:53  Zergling x2  
  20  1:57  Queen  
  22  2:04  Overlord  
  23  2:22  Zergling x2  
  23  2:27  Zergling x2  
  23  2:34  Zergling x2  
  23  2:36  Queen  
  26  2:49  Drone  
  26  2:54  Queen, Drone  
  26  2:55  Drone  
  30  3:04  Drone  
  31  3:06  Drone  
  31  3:07  Drone  
  31  3:10  Drone  
  34  3:13  Drone  
  34  3:18  Overlord  
  34  3:23  Baneling Nest  
Tags
 
Add a new tag
Caveats
  • Supply blocks, unpowered buildings, or Contaminate may cause inaccurate times.
  • Supply counts are checked every 10 seconds.